 Dungeon Sprint DCSS version 0.26.1-11-gd32895ea62 (webtiles) character file.

Game seed: 4607918002132534534

44 howech the Twirler (level 3, 0/31 HPs)
             Began as a Minotaur Gladiator on July 19, 2021.
             Was a Follower of Trog.
             Slain by an ogre
             ... wielding a +0 giant club
              (20 damage)
             ... in the Dungeon (Sprint VII: "The Pits").
             The game lasted 00:01:32 (260 turns).

howech the Twirler (Minotaur Gladiator)              Turns: 260, Time: 00:01:33

Health: 0/31       AC:  3    Str: 18    XL:     3   Next: 39%
Magic:  2/2        EV: 14    Int:  5    God:    Trog [*.....]
Gold:   0          SH:  0    Dex: 12    Spells: 2/2 levels left

rFire    . . .     SeeInvis .   k - +2 quarterstaff
rCold    . . .     Faith    .   (shield currently unavailable)
rNeg     . . .     Spirit   .   b - +0 leather armour
rPois    .         Reflect  .   c - +0 hat
rElec    .         Harm     .   (no cloak)
rCorr    .         Rampage  .   (no gloves)
Will     .....     NoTele   +   (no boots)
Stlth    +.........             (no amulet)
HPRegen  0.10/turn              (no ring)
MPRegen  0.08/turn              (no ring)

@: no status effects
A: retaliatory headbutt, horns 2
a: Renounce Religion, Berserk


You were in the Dungeon.
You worshipped Trog.
Trog was aware of your devotion.
You visited 1 branch

Inventory:

Hand Weapons
 a - a +0 quarterstaff
 k - a +2 quarterstaff (weapon)
Missiles
 d - 3 throwing nets (quivered)
Armour
 b - a +0 leather armour (worn)
 c - a +0 hat (worn)
Scrolls
 j - a scroll of blinking
Potions
 f - a potion of heal wounds
 g - a potion of haste
 h - 4 potions of magic
 i - 3 potions of berserk rage
 l - 2 potions of invisibility


   Skills:
 + Level 3.5 Fighting
 + Level 6.2 Staves
 + Level 2.8 Throwing
 + Level 0.9 Armour
 + Level 5.6 Dodging


You had 2 spell levels left.
You didn't know any spells.
Your spell library was empty.

Dungeon Overview and Level Annotations

Branches:
Dungeon (1/1)

Altars:
Ashenzari
Cheibriados
Dithmenos
Elyvilon
Fedhas
Gozag
Hepliaklqana
Kikubaaqudgha
Makhleb
Nemelex Xobeh
Okawaru
Qazlal
Ru
Sif Muna
Trog
Uskayaw
Vehumet
Wu Jian
Xom
Yredelemnul
Zin
The Shining One
Beogh
Jiyva
Lugonu


Innate Abilities, Weirdness & Mutations

You reflexively headbutt those who attack you in melee.
You have a pair of horns on your head.


Message History

The worker ant bites you but does no damage.
You closely miss the worker ant.
The worker ant is moderately wounded.
You feel sick. The worker ant bites you.
You thump the worker ant!
You kill the worker ant!
Trog accepts your kill.
You feel sick. The ogre barely misses you.
Your Staves skill increases to level 6!
You have reached level 3!
Your experience leads to an increase in your attributes!
Increase (S)trength, (I)ntelligence, or (D)exterity?
You feel agile.
Unknown command.
You feel better.
You sock the ogre! You headbutt the ogre!
The ogre is almost dead.
The ogre hits you with a +0 giant club!!
Ouch! That really hurt!
You die...

##########'##...........
#.?(.')))'.##......#..#.
##########.##...........
#...........'...........
+#####†#####......#..#.
#.....##...........
#####÷#####'#####++
#.....##.......#
#...@.##.......#
###O####.......#
#....l##...<...#
........##.......#
#.......Z##.......#
###########.......#
#########


You could see an ogre.

Vanquished Creatures
  A worker ant (D)
  2 adders (D)
  A kobold (D)
  A ball python (D)
  A frilled lizard (D)
6 creatures vanquished.

Notes
Turn   | Place    | Note
-------+----------+-------------------------------------------
     0 | D        | howech the Minotaur Gladiator began the quest for the Orb.
     0 | D        | Reached XP level 1. HP: 18/18 MP: 0/0
    14 | D        | Reached skill level 4 in Staves
    14 | D        | Reached XP level 2. HP: 25/25 MP: 1/1
    32 | D        | Found a glowing golden altar of the Shining One.
    32 | D        | Found a glowing silver altar of Zin.
    32 | D        | Found a basalt altar of Yredelemnul.
    32 | D        | Found a shimmering altar of Xom.
    32 | D        | Found an ornate altar of the Wu Jian Council.
    32 | D        | Found a bloodstained altar of Trog.
    32 | D        | Found a shimmering blue altar of Sif Muna.
    32 | D        | Found a sacrificial altar of Ru.
    32 | D        | Found a stormy altar of Qazlal.
    32 | D        | Found an iron altar of Okawaru.
    32 | D        | Found a sparkling altar of Nemelex Xobeh.
    32 | D        | Found a burning altar of Makhleb.
    32 | D        | Found a viscous altar of Jiyva.
    32 | D        | Found a hazy altar of Hepliaklqana.
    32 | D        | Found an opulent altar of Gozag.
    32 | D        | Found a blossoming altar of Fedhas.
    32 | D        | Found a white marble altar of Elyvilon.
    32 | D        | Found a shadowy altar of Dithmenos.
    32 | D        | Found a snail-covered altar of Cheibriados.
    34 | D        | Found a corrupted altar of Lugonu.
    34 | D        | Found a radiant altar of Vehumet.
    34 | D        | Found a roughly hewn altar of Beogh.
    35 | D        | Became a worshipper of Trog the Wrathful
    36 | D        | Found an ancient bone altar of Kikubaaqudgha.
    36 | D        | Found a hide-covered altar of Uskayaw.
    36 | D        | Found a broken altar of Ashenzari.
    49 | D        | Reached skill level 5 in Staves
    56 | D        | Reached * piety under Trog
    62 | D        | Reached skill level 5 in Dodging
   252 | D        | Noticed an ogre
   259 | D        | Reached skill level 6 in Staves
   259 | D        | Reached XP level 3. HP: 14/31 MP: 2/2
   260 | D        | Slain by an ogre

Illustrated notes

Levels and vault maps discovered:
D:        pitsprint [storerooms_1, entrance_room_1, metal_vault_7, armoury_1,
          mini_pit_1, grid_room_1, main_hall_1, silver_pit, the_coven_2,
          the_vestibule_1, steel_vault_1, golden_pit, hallway_of_sentries,
          crystal_vault_5, iron_vault_1, final_vault]

Skill      XL: |  1  2 |
---------------+-------+-----
Staves         | 4 6 |  6.2
Dodging        | 4 5 |  5.6
Fighting       | 3 |  3.5
Throwing       | |  2.8
Armour         | |  0.9

Action                   || total
-------------------------++-------
Melee: Quarterstaff      ||    15
       Headbutt          ||     2
  Use: Potion            ||     1
Armor: Leather armour    ||     2
Dodge: Dodged            ||     6
